 Dungeon Crawl Stone Soup version 0.28.0-45-g0d030f2227 (webtiles) character file.

Game seed: 11146132795111251782

3539 pkoi the Martial Artist (level 9, -2/71 HPs)
             Began as a Demigod Gladiator on Apr 25, 2022.
             Slain by an orc warrior
             ... wielding a +0 battleaxe
              (9 damage)
             ... on level 9 of the Dungeon.
             The game lasted 00:13:03 (12958 turns).

pkoi the Martial Artist (Demigod Gladiator)        Turns: 12958, Time: 00:13:03

Health: -2/71      AC: 12    Str: 15    XL:     9   Next: 53%
Magic:  12/15      EV: 14    Int: 22    God:
Gold:   435        SH:  5    Dex: 15    Spells: 8/12 levels left

rFire   + . .      SeeInvis .     - Unarmed
rCold   . . .      Faith    .   (no shield)
rNeg    . . .      Spirit   .   E - +0 robe
rPois   +          Reflect  +   b - +0 helmet
rElec   .          Harm     .   r - +0 cloak
rCorr   .          Rampage  .   t - +1 pair of gloves
Will    .....      Clarity  +   (no boots)
Stlth   +.........              n - amulet of reflection
HPRegen 0.21/turn               o - ring of poison resistance
MPRegen 0.14/turn               v - +4 ring of protection

@: confusing by touch
A: high MP 1, forlorn, divine attributes, iridescent scales 1, clarity, fire
resistance 1, subdued magic 1
a: no special abilities


You were on level 9 of the Dungeon.
You visited 2 branches of the dungeon, and saw 12 of its levels.

You collected 435 gold pieces.

Inventory:

Hand Weapons
 d - a +0 dagger
 f - a +0 hunting sling of freezing
 j - a +1 short sword of distortion
 k - a +0 whip of electrocution
Missiles
 c - 3 throwing nets (quivered)
 h - 301 stones
 I - 8 poisoned darts
Armour
 a - a +0 leather armour
 b - a +0 helmet (worn)
 g - a +0 scale mail
 r - a +0 cloak (worn)
 t - a +1 pair of gloves (worn)
 E - a +0 robe (worn)
Jewellery
 n - an amulet of reflection (around neck)
 o - a ring of poison resistance (left hand)
 v - a +4 ring of protection (right hand)
 y - a ring of positive energy
Wands
 D - a wand of digging (3)
 G - a wand of flame (19)
Scrolls
 e - a scroll of fog
 m - 3 scrolls of identify
 q - 3 scrolls of teleportation
 x - a scroll of acquirement
 A - 2 scrolls of enchant weapon
 B - 2 scrolls of enchant armour
 F - a scroll of fear
Potions
 i - a potion of ambrosia
 l - a potion of magic
 p - 2 potions of resistance
 s - 3 potions of brilliance
 u - a potion of berserk rage
 w - 2 potions of invisibility
 z - 3 potions of attraction
 H - a potion of heal wounds


   Skills:
 - Level 4.0 Fighting
 - Level 1.7 Throwing
 - Level 5.0 Dodging
 * Level 10.9 Unarmed Combat
 + Level 2.2 Spellcasting
 + Level 4.0 Hexes


You had 8 spell levels left.
You knew the following spells:

 Your Spells              Type           Power      Damage    Failure   Level
a - Slow                  Hex            60%        N/A       1%          1
b - Confusing Touch       Hex            15%        N/A       6%          3

Your spell library contained the following spells:

 Spells                   Type           Power      Damage    Failure   Level
 Portal Projectile        Hex/Tloc       16%        N/A       14%         3
 Call Canine Familiar     Summ           1%         N/A       34%         3
 Vampiric Draining        Necr           1%         2d6       34%         3
 Leda's Liquefaction      Hex/Erth       4%         N/A       45%         4


Dungeon Overview and Level Annotations

Branches:
Dungeon (11/15)            Temple (1/1) D:7
   Lair: D:8-11         Orc: D:9-12


Innate Abilities, Weirdness & Mutations

You have an increased reservoir of magic. (+10% MP)
You shall have no god before yourself.
Your divine heritage dramatically boosts your attributes as you level up.
You are partially covered in iridescent scales. (AC +2)
You possess an exceptional clarity of mind.
Your flesh is heat resistant. (rF+)
Your spells are a little easier to cast, but a little less powerful.


Message History

Your surroundings suddenly seem different.
An orc warrior and an orc come into view.
Found 17 gold pieces.
The orc warrior shouts!
You hear a shout!
An orc comes into view. It is wielding a +0 flail.
An orc comes into view. It is wielding a +0 dagger.
The orc barely misses you.
Found a glowing dagger.
You hit the orc.
The orc is heavily wounded.
The orc hits you with a +0 mace.
* * * LOW HITPOINT WARNING * * *
You barely miss the orc.
The orc is heavily wounded.
The orc misses you.
You hit the orc.
The orc is almost dead.
An orc comes into view. It is wielding a +0 mace.
Casting: Confusing Touch (dangerous; 6% risk of failure)
Confirm with . or Enter, or press ? or * to list all spells.
Your hands begin to glow red.
The orc shouts!
Unknown command.
You hit the orc warrior but do no damage.
The orc warrior completely misses you.
Unknown command.
You hit the orc warrior but do no damage.
You block the orc warrior's attack.
You barely miss the orc warrior.
The orc warrior hits you but does no damage.
Unknown command.
You hit the orc warrior but do no damage.
Your punch misses the orc warrior.
Unknown command.
You hit the orc warrior but do no damage.
The orc warrior hits you with a +0 battleaxe!
* * * LOW HITPOINT WARNING * * *
You hit the orc warrior but do no damage.
The orc warrior hits you with a +0 battleaxe!
You die...

########################
.....).@ooo.............
##.....###..#...#..#..#.
............#...........
###...#####.............
#### #####.#..#....
#.......#. #.........
#.#....... +.#..#....


You could see an orc warrior and 2 orcs.

Vanquished Creatures
  A manticore (D:10)
  Grinder (D:5)
  2 water moccasins
  Pargi (D:3)
  A black bear (D:6)
  3 ice beasts
  A sky beast (D:5)
  A necrophage (D:7)
  An ogre (D:6)
  3 centaurs
  A bullfrog (D:7)
  A kobold brigand (D:7)
  5 scorpions
  5 killer bees (D:10)
  5 wights
  A howler monkey (D:7)
  A centaur zombie (D:10)
  2 bullfrog zombies (D:6)
  3 jellies
  2 hounds
  Ijyb (D:3)
  2 bullfrog skeletons
  5 orc priests
  2 centaur skeletons
  2 orc wizards
  A scorpion zombie (D:5)
  2 iguanas
  A hound skeleton (D:4)
  4 gnolls
  3 adders
  2 shadow imps
  2 ufetubi
  An adder skeleton (D:5)
  2 dart slugs
  26 orcs
  12 ball pythons
  6 endoplasms
  5 giant cockroaches
  4 hobgoblins
  2 jackals (D:2)
  6 kobolds
  2 quokkas
  4 bats
  3 frilled lizards
  8 goblins
  3 rats
152 creatures vanquished.

Notes
Turn   | Place    | Note
-------+----------+-------------------------------------------
     0 | D:1      | pkoi the Demigod Gladiator began the quest for the Orb.
     0 | D:1      | Reached XP level 1. HP: 17/17 MP: 3/3
    85 | D:1      | Reached skill level 3 in Unarmed Combat
   605 | D:1      | Reached XP level 2. HP: 24/24 MP: 4/4
   939 | D:1      | HP: 1/24 [kobold/+1 short sword of distortion (4)]
  2099 | D:2      | Reached XP level 3. HP: 27/29 MP: 5/5
  2240 | D:2      | Reached skill level 4 in Unarmed Combat
  3328 | D:3      | Reached XP level 4. HP: 28/36 MP: 6/6
  3850 | D:2      | HP: 1/36 [gnoll/+0 spear (2)]
  4252 | D:3      | Reached skill level 5 in Unarmed Combat
  4495 | D:3      | Noticed Ijyb
  4517 | D:3      | Gained mutation: Your spells are a little easier to cast,
                  | but a little less powerful. [potion of mutation]
  4517 | D:3      | Gained mutation: You are partially covered in iridescent
                  | scales. (AC +2) [potion of mutation]
  4517 | D:3      | Gained mutation: You have hidden genetic potential. [potion
                  | of mutation]
  4889 | D:3      | Killed Ijyb
  5292 | D:3      | Noticed Pargi
  5460 | D:4      | Reached XP level 5. HP: 39/41 MP: 7/7
  5498 | D:4      | Gained mutation: You possess an exceptional clarity of
                  | mind. [hidden potential]
  5553 | D:4      | Reached skill level 6 in Unarmed Combat
  6339 | D:3      | Killed Pargi
  6340 | D:3      | Reached XP level 6. HP: 48/48 MP: 8/8
  6736 | D:4      | Reached skill level 7 in Unarmed Combat
  6739 | D:4      | Gained mutation: Your flesh is heat resistant. (rF+)
                  | [hidden potential]
  6739 | D:4      | Lost mutation: You have hidden genetic potential. [hidden
                  | potential expressed]
  7848 | D:5      | Entered Level 5 of the Dungeon
  7855 | D:5      | Noticed Grinder
  7917 | D:5      | Reached XP level 7. HP: 30/53 MP: 9/9
  8162 | D:5      | Reached skill level 8 in Unarmed Combat
  8169 | D:5      | Paralysed by Grinder for 6 turns
  8196 | D:5      | Paralysed by Grinder for 3 turns
  8209 | D:5      | Killed Grinder
  8695 | D:5      | Reached skill level 9 in Unarmed Combat
  8946 | D:5      | Reached XP level 8. HP: 32/60 MP: 10/10
  9091 | D:5      | Learned a level 1 spell: Slow
  9095 | D:5      | Learned a level 3 spell: Confusing Touch
 10028 | D:6      | Reached skill level 1 in Hexes
 10501 | D:6      | Reached skill level 10 in Unarmed Combat
 10542 | D:6      | Identified a scroll of acquirement
 11023 | D:7      | Reached XP level 9. HP: 58/70 MP: 10/12
 11308 | D:7      | Found a staircase to the Ecumenical Temple.
 11323 | Temple   | Entered the Ecumenical Temple
 12139 | D:7      | Reached skill level 1 in Spellcasting
 12306 | D:8      | You fall into a shaft and drop 3 floors!
 12373 | D:11     | Noticed a green ugly thing
 12388 | D:10     | Entered Level 10 of the Dungeon
 12752 | D:10     | Noticed a manticore
 12775 | D:10     | Killed a manticore
 12867 | D:9      | Reached skill level 5 in Dodging
 12922 | D:9      | Noticed a white ugly thing
 12958 | D:9      | Slain by an orc warrior

Illustrated notes

Levels and vault maps discovered:
D:1:      zaba_arrival_water, layout_basic, ebering_ecumenical_altar_webs,
          minmay_tetromino_t2
D:2:      layout_basic
D:3:      layout_basic, kennysheep_ying_yang, uniq_pargi, uniq_ijyb
D:4:      layout_loops_cross, minivault_27
D:5:      minmay_skewed_foursquare, layout_rooms,
          gammafunk_temple_overflow_wave, uniq_grinder
D:6:      kennysheep_six_static_rooms, layout_basic
D:7:      layout_basic, grunt_temple_overflow_forces_of_nature,
          minmay_temple_entry_trees
D:8:      layout_basic, nicolae_overflow_crystal_walls, grunt_nemelex_the_gamble
D:9:      hangedman_cross_cluster, layout_stronghold,
          mainiacjoe_overflow_brackets
D:10:     layout_cave_pools
D:11:     layout_loops_cross, serial_shops, nicolae_shop_advertising_works
          [nicolae_subvault_shop_adworks], eino_jars
Temple:   nicolae_temple_figure_eight

Skill      XL: |  1  2  3  4  5  6  7  8  9 |
---------------+----------------------------+-----
Unarmed Combat | 3 4 5 6 7 9 10 | 10.9
Fighting       | 3 4 |  4.0
Dodging        | 4 5 |  5.0
Hexes          | 3 4 |  4.0
Spellcasting   | 2 |  2.2
Throwing       | |  1.7

Action                   |  1- 3 |  4- 6 |  7- 9 || total
-------------------------+-------+-------+-------++-------
Melee: Unarmed           |    40 |   161 |   412 ||   613
       Punch             |     1 |     5 |    20 ||    26
       Hunting sling     |     1 |       |       ||     1
       Whip              |       |    23 |       ||    23
 Fire: Hunting sling     |   101 |    73 |    27 ||   201
Throw: Throwing net      |       |     3 |       ||     3
 Cast: Slow              |       |       |     4 ||     4
       Confusing Touch   |       |       |     9 ||     9
Evoke: Wand              |       |       |     2 ||     2
  Use: Potion            |       |     8 |     1 ||     9
       Scroll            |       |     3 |     9 ||    12
 Stab: Sleeping          |     1 |       |       ||     1
       Confused          |       |       |     5 ||     5
Armor: Leather armour    |     6 |       |       ||     6
       Scale mail        |    42 |    93 |   156 ||   291
       Robe              |       |       |    49 ||    49
Dodge: Dodged            |    47 |    90 |   193 ||   330
Block: Other             |       |    20 |   113 ||   133
       Reflection        |       |       |     4 ||     4
